 Dungeon Crawl Stone Soup version 0.21-a0-1-gaf3b9a5 (webtiles) character file.

70 Gorglomux the Slinger (level 4, -1/29 HPs)
             Began as a Halfling Hunter on May 20, 2017.
             Slain by MTVSty1e's ghost (15 damage)
             ... on level 3 of the Dungeon.
             The game lasted 00:02:32 (1933 turns).

Gorglomux the Slinger (Halfling Hunter)             Turns: 1933, Time: 00:02:32

Health: -1/29      AC:  3    Str: 13    XL:     4   Next: 45%
Magic:  4/4        EV: 14    Int:  9    God:
Gold:   110        SH:  0    Dex: 15    Spells: 3/3 levels left

rFire    . . .     SeeInvis .   a - +0 hunting sling (velocity)
rCold    . . .     Gourm    .   (shield restricted)
rNeg     . . .     Faith    .   c - +0 leather armour
rPois    .         Spirit   .   (no helmet)
rElec    .         Reflect  .   (no cloak)
rCorr    .         Harm     .   (no gloves)
MR       .....                  (no boots)
Stlth    ++........             (no amulet)
Regen    0.1/turn               (no ring)
MPRegen  0.1/turn               (no ring)

@: no status effects
A: mutation resistance 1
a: no special abilities


You were on level 3 of the Dungeon.
You were not hungry.

You visited 1 branch of the dungeon, and saw 3 of its levels.

You collected 110 gold pieces.

Inventory:

Hand Weapons
 a - a +0 hunting sling of velocity (weapon)
   (You took it off a goblin on level 2 of the Dungeon)
 b - a +0 short sword
 r - a +1 hunting sling
Missiles
 d - 24 sling bullets (quivered)
 e - 89 stones
Armour
 c - a +0 leather armour (worn)
 q - a +0 helmet
   (You took it off Robin on level 2 of the Dungeon)
Jewellery
 u - an uncursed ring of stealth {unknown}
   (You found it on level 2 of the Dungeon)
Scrolls
 g - 2 scrolls of remove curse {unknown}
 j - 2 scrolls of amnesia {unknown}
 k - 3 scrolls of enchant armour {unknown}
 l - 2 scrolls of noise {unknown}
 m - a scroll of recharging {unknown}
 n - a scroll of identify {unknown}
 t - a scroll of fog {unknown}
Potions
 h - a potion of curing {unknown}
 i - 3 potions of lignification {unknown}
 p - 2 potions of magic {unknown}
 s - a potion of resistance {unknown}
 v - a potion of haste {unknown}
Comestibles
 f - a bread ration {@e1}
 o - a meat ration {@e2}


   Skills:
 - Level 1.7 Fighting
 + Level 8.1 Slings
 - Level 2.1 Dodging
 - Level 1.1 Stealth


You had 3 spell levels left.
You didn't know any spells.

Dungeon Overview and Level Annotations

Branches:
Dungeon (3/15)

Altars:

Annotations:
D:3 MTVSty1e's ghost, amateur MiFi


Innate Abilities, Weirdness & Mutations

You are small and have problems with some larger weapons.
You are somewhat resistant to further mutation.


Message History

v - a chunk of flesh {@w0} Eating a chunk of flesh {@w0}.
You eat the chunk of flesh {@w0}.
Done exploring.
Done exploring.
No target in view!
No target in view!
Done exploring.
You see here a giant cockroach corpse.
You butcher the giant cockroach corpse.
v - 2 chunks of flesh {@w0} Done exploring.
(D) Dungeon
Where to? (Enter - D:3, ? - help)
You see here a leather armour.
There is a stone staircase leading down here.
You climb downwards.
There is a stone staircase leading up here.
Found an escape hatch in the floor.
No target in view!
You now have 91 gold pieces (gained 4).
You now have 100 gold pieces (gained 9).
i - 3 golden potions (gained 1)
You now have 110 gold pieces (gained 10).
Eating one of 2 chunks of flesh {@w0}.
You eat one of the 2 chunks of flesh {@w0}.
All of the chunks of flesh in your inventory have rotted away.
You see here a robe.
v - a green potion No target in view!
You open the door.
There is an open door here.
You open the door.
There is an open door here.
k - 3 scrolls labeled MYANE BIEJ (gained 1) MTVSty1e's ghost (amateur Minotaur Fighter) comes into view.
MTVSty1e's ghost moves out of view.
A kobold comes into view. It is wielding a short sword.
Aim: a kobold, wielding a short sword (resting)
You shoot a stone.
The stone hits the kobold but does no damage.
The kobold shouts!
Aim: a kobold, wielding a short sword You shoot a stone.
The stone hits the kobold.
Aim: a kobold, wielding a short sword (heavily wounded)
You shoot a stone. The stone hits the kobold.
You kill the kobold!
Aim: MTVSty1e's ghost (hasn't noticed you)
You shoot a stone.
MTVSty1e's ghost turns its malevolent gaze towards you.
The stone hits MTVSty1e's ghost!
No target in view!
No target in view!
Aim: MTVSty1e's ghost (moderately damaged)
You shoot a stone. The stone hits MTVSty1e's ghost.
Aim: MTVSty1e's ghost (moderately damaged)
You shoot a stone.
The stone barely misses MTVSty1e's ghost.
Aim: MTVSty1e's ghost (moderately damaged)
You shoot a stone.
The stone hits MTVSty1e's ghost but does no damage.
Aim: MTVSty1e's ghost (moderately damaged)
You shoot a stone. The stone hits MTVSty1e's ghost.
Aim: MTVSty1e's ghost (heavily damaged)
You shoot a stone. The stone hits MTVSty1e's ghost.
Aim: MTVSty1e's ghost (heavily damaged)
You shoot a stone.
The stone hits MTVSty1e's ghost but does no damage.
What are your orders? t - Shout!
Orders for allies: a - Attack new target. p - Attack previous target. r - Retreat! s - Stop attacking. g - Guard the area. f - Follow me.
Anything else - Cancel.
Okay, then.
Unknown command.
There is an open door here.
Aim: MTVSty1e's ghost (heavily damaged)
You shoot a sling bullet.
The sling bullet hits MTVSty1e's ghost but does no damage.
Aim: MTVSty1e's ghost (heavily damaged)
You shoot a sling bullet. The sling bullet hits MTVSty1e's ghost.
MTVSty1e's ghost hits you.
Aim: MTVSty1e's ghost (severely damaged)
You shoot a sling bullet.
The sling bullet barely misses MTVSty1e's ghost.
MTVSty1e's ghost barely misses you.
Unknown command.
Aim: MTVSty1e's ghost (severely damaged)
You shoot a sling bullet. The sling bullet hits MTVSty1e's ghost.
Aim: MTVSty1e's ghost (severely damaged)
You shoot a sling bullet.
The sling bullet hits MTVSty1e's ghost but does no damage.
MTVSty1e's ghost hits you!
Aim: MTVSty1e's ghost (severely damaged)
You shoot a sling bullet.
The sling bullet barely misses MTVSty1e's ghost.
MTVSty1e's ghost whispers, "There is no future for you."
MTVSty1e's ghost hits you!
Ouch! That really hurt!
You die...

#..(((((....#
###########(#
#.# #.# #.#
#.# #(# #W#
#####@####
#........#
#........#
#........# ###
#####'#### #<#
#.# #.# #.#
#.# #.# ..
#.########.###
##.


You could see MTVSty1e's ghost.

Vanquished Creatures
  Robin (D:2)
  A dart slug (D:1)
  4 leopard geckos
  4 bats
  3 giant cockroaches (D:2)
  13 goblins
  8 hobgoblins
  7 kobolds
  2 frilled lizards (D:2)
  3 rats
46 creatures vanquished.

Notes
Turn   | Place    | Note
-------+----------+-------------------------------------------
     0 | D:1      | Gorglomux the Halfling Hunter began the quest for the Orb.
     0 | D:1      | Reached XP level 1. HP: 14/14 MP: 1/1
    18 | D:1      | Reached skill level 6 in Slings
   116 | D:1      | Reached XP level 2. HP: 19/19 MP: 2/2
   458 | D:1      | Reached skill level 7 in Slings
   458 | D:1      | Reached XP level 3. HP: 24/24 MP: 3/3
   795 | D:2      | Noticed Robin
   822 | D:2      | Killed Robin
   825 | D:2      | Reached XP level 4. HP: 21/29 MP: 4/4
  1184 | D:2      | Reached skill level 8 in Slings
  1887 | D:3      | Noticed MTVSty1e's ghost (amateur MiFi)
  1933 | D:3      | Slain by MTVSty1e's ghost

Vault maps used:
D:1:      elethiomel_arrival_quiet, minmay_hedge_maze, st_stairs_14,
          minmay_crystal_room, minmay_heptomino_o4
D:2:      uniq_robin

Skill      XL: |  1  2  3  4 |
---------------+-------------+-----
Slings         | 6 7 8 |  8.1
Fighting       | |  1.7
Dodging        | |  2.1
Stealth        | |  1.1

Action                   |  1- 3 |  4- 6 || total
-------------------------+-------+-------++-------
 Fire: Hunting sling     |    71 |    50 ||   121
  Eat: Chunk             |       |     3 ||     3
Armor: Leather armour    |     3 |     1 ||     4
Dodge: Dodged            |     5 |     9 ||    14

Vault maps used:
D:1:      elethiomel_arrival_quiet, minmay_hedge_maze, st_stairs_14,
          minmay_crystal_room, minmay_heptomino_o4
D:2:      uniq_robin

Table legend:
 A = Turns spent in this place as a percentage of turns spent in the entire game.
 B = Non-inter-level travel turns spent in this place as a percentage of non-inter-level travel turns spent in the entire game.
 C = Inter-level travel turns spent in this place as a percentage of turns spent in this place.
 D = Turns resting spent in this place as a percentage of non-inter-level travel turns spent in this place.
 E = Turns spent auto-exploring this place as a percentage of non-inter-level travel turns spent in this place.
 F = Non-inter-level travel turns spent in this place divided by the number of levels of this place that you've seen.
                   A       B       C       D       E      F
               +-------+-------+-------+-------+-------+----------------------
         Total | 100.0 | 100.0 |   0.7 |   0.4 |  17.9 | 150.7
       Dungeon | 100.0 | 100.0 |   0.7 |   0.4 |  17.9 | 150.7
               +-------+-------+-------+-------+-------+----------------------

Table legend:
 A = Kills in this place as a percentage of kills in entire the game.
 B = Kills by you in this place as a percentage of kills by you in the entire game.
 C = Kills by friends in this place as a percentage of kills by friends in the entire game.
 D = Other kills in this place as a percentage of other kills in the entire game.
 E = Experience gained in this place as a percentage of experience gained in the entire game.
 F = Experience gained in this place divided by the number of levels of this place that you have seen.
                   A       B       C       D       E      F
               +-------+-------+-------+-------+-------+----------------------
         Total | 100.0 | 100.0 |  -nan |  -nan | 100.0 |  33.7
       Dungeon | 100.0 | 100.0 |  -nan |  -nan | 100.0 |  33.7
               +-------+-------+-------+-------+-------+----------------------
